[ AOE2 MATCH · #481722118 ]
1v1 RMFranks vs Spanish
Player's team · LOSS
Rival team · WIN
[ REPLAY ANALYSIS · EXTRACTED FROM THE RECORDED GAME ]
Feudal
10:52
Castle
19:47
Imperial
36:04
| APM avg | 30.4 |
| APM peak | 67 |
| eAPM avg | 22.5 |
| Villagers / military | 152 / 134 |
Focus
⚔️ 26.2% · 🌾 73.8%
Scout Cavalry ×64 · Knight ×49 · Spearman ×16 · Trebuchet (Packed) ×3 · Monk ×2
Feudal
11:02
Castle
21:34
Imperial
35:22
| APM avg | 14.8 |
| APM peak | 49 |
| eAPM avg | 11.2 |
| Villagers / military | 94 / 126 |
Focus
⚔️ 31.4% · 🌾 68.6%
Knight ×57 · Bombard Cannon ×24 · Conquistador ×22 · Spearman ×8 · Cavalry Archer ×7 · Scout Cavalry ×4
Match map
Initial resources + every placement click. Lines = walls · curves = elevation contours. ◆ gold · ⬟ stone · ● berries · ✦ relic · ◌ wall gap
Your base· Open — opponent sealed themselves in
DementeVsMundo's base· ✓ Closed at 21:34 · 81t walls · 1 gate(s)
Smoothed initial terrain · ◌ = detected wall gap · hover for details
Inputs per minute
— thekyser - - DementeVsMundo
Build order — thekyser
First 150 of 488 actions detected
| 0:03 | Create | Villager (Male) |
| 0:03 | Create | Villager (Male) |
| 0:03 | Create | Villager (Male) |
| 0:04 | Create | Villager (Male) |
| 0:04 | Create | Villager (Male) |
| 0:07 | Build | House |
| 1:35 | Build | House |
| 1:39 | Build | House |
| 1:40 | Build | House |
| 2:06 | Create | Villager (Male) |
| 2:06 | Create | Villager (Male) |
| 2:07 | Create | Villager (Male) |
| 2:25 | Create | Villager (Male) |
| 2:26 | Create | Villager (Male) |
| 3:06 | Create | Villager (Male) |
| 3:51 | Create | Villager (Male) |
| 3:51 | Create | Villager (Male) |
| 4:25 | Create | Villager (Male) |
| 4:26 | Create | Villager (Male) |
| 5:17 | Create | Villager (Male) |
| 5:17 | Create | Villager (Male) |
| 5:37 | Build | Mill |
| 6:06 | Create | Villager (Male) |
| 6:07 | Create | Villager (Male) |
| 6:07 | Create | Villager (Male) |
| 6:08 | Create | Villager (Male) |
| 6:08 | Create | Villager (Male) |
| 6:08 | Create | Villager (Male) |
| 8:05 | Build | Lumber Camp |
| 8:42 | Research | Feudal Age |
| 9:47 | Build | Barracks |
| 10:13 | Research | Loom |
| 10:35 | Build | House |
| 10:39 | Build | House |
| 10:52 | Age | Feudal Age |
| 10:57 | Research | Wheelbarrow |
| 11:01 | Research | Double-Bit Axe |
| 11:16 | Build | Mill |
| 11:35 | Create | Villager (Male) |
| 11:47 | Create | Villager (Male) |
| 11:47 | Create | Villager (Male) |
| 11:50 | Create | Villager (Male) |
| 11:51 | Create | Villager (Male) |
| 11:51 | Create | Villager (Male) |
| 12:03 | Build | Market |
| 12:12 | Build | Stable |
| 12:25 | Create | Villager (Male) |
| 13:08 | Create | Villager (Male) |
| 13:13 | Build | Farm |
| 13:50 | Build | Mining Camp |
| 14:04 | Build | Farm |
| 14:05 | Build | Farm |
| 14:26 | Build | Farm |
| 14:34 | Create | Villager (Male) |
| 14:42 | Build | Farm |
| 14:57 | Research | Gold Mining |
| 15:11 | Create | Villager (Male) |
| 15:12 | Create | Villager (Male) |
| 15:18 | Build | Farm |
| 16:01 | Build | Farm |
| 16:23 | Create | Villager (Male) |
| 16:28 | Build | Farm |
| 16:31 | Build | Farm |
| 16:32 | Build | Farm |
| 16:33 | Build | Farm |
| 16:45 | Research | Castle Age |
| 16:52 | Create | Scout Cavalry |
| 17:04 | Build | Blacksmith |
| 17:15 | Build | Farm |
| 17:25 | Build | Farm |
| 17:27 | Build | Farm |
| 17:27 | Build | Farm |
| 17:49 | Build | Farm |
| 17:50 | Build | Farm |
| 18:05 | Research | Scale Barding Armor |
| 18:06 | Research | Scale Mail Armor |
| 18:19 | Build | House |
| 18:30 | Build | Stone Wall |
| 18:36 | Build | Gate |
| 18:41 | Build | House |
| 18:44 | Build | House |
| 18:46 | Build | House |
| 18:58 | Build | Mining Camp |
| 19:22 | Create | Villager (Male) |
| 19:22 | Create | Villager (Male) |
| 19:47 | Age | Castle Age |
| 19:52 | Build | Town Center |
| 20:02 | Build | Farm |
| 20:04 | Build | Farm |
| 20:04 | Build | Farm |
| 20:05 | Build | Farm |
| 20:31 | Build | House |
| 20:46 | Create | Villager (Male) |
| 20:47 | Create | Villager (Male) |
| 20:50 | Create | Villager (Male) |
| 20:56 | Research | Coinage |
| 21:28 | Build | Town Center |
| 21:31 | Create | Villager (Male) |
| 21:32 | Create | Villager (Male) |
| 21:33 | Create | Villager (Male) |
| 21:38 | Create | Villager (Male) |
| 21:57 | Research | Hand Cart |
| 22:14 | Create | Villager (Male) |
| 22:25 | Research | Stone Mining |
| 22:31 | Create | Villager (Male) |
| 22:42 | Create | Villager (Male) |
| 22:59 | Create | Villager (Male) |
| 23:00 | Create | Villager (Male) |
| 23:26 | Build | Farm |
| 23:27 | Build | Farm |
| 23:29 | Build | Farm |
| 23:32 | Create | Villager (Male) |
| 23:35 | Create | Villager (Male) |
| 23:36 | Create | Villager (Male) |
| 23:38 | Create | Villager (Male) |
| 23:51 | Build | University |
| 23:57 | Build | House |
| 24:03 | Research | Gold Shaft Mining |
| 24:18 | Build | Farm |
| 24:18 | Build | Farm |
| 24:18 | Build | Farm |
| 24:19 | Build | Farm |
| 24:19 | Build | Farm |
| 24:20 | Build | Farm |
| 24:20 | Build | Farm |
| 24:20 | Build | Farm |
| 24:21 | Build | Farm |
| 24:23 | Create | Villager (Male) |
| 24:24 | Create | Villager (Male) |
| 24:25 | Create | Villager (Male) |
| 24:27 | Create | Villager (Male) |
| 24:38 | Create | Villager (Male) |
| 24:40 | Create | Villager (Male) |
| 24:41 | Create | Villager (Male) |
| 24:43 | Create | Villager (Male) |
| 25:06 | Create | Villager (Male) |
| 25:08 | Create | Villager (Male) |
| 25:18 | Create | Villager (Male) |
| 25:18 | Create | Villager (Male) |
| 25:35 | Build | Farm |
| 25:35 | Build | Farm |
| 25:36 | Build | Farm |
| 25:36 | Build | Farm |
| 25:36 | Build | Farm |
| 25:37 | Build | Farm |
| 25:37 | Build | Farm |
| 25:37 | Build | Farm |
| 25:38 | Build | Farm |
| 25:38 | Build | Farm |
| 25:42 | Create | Villager (Male) |
Build order — DementeVsMundo
First 150 of 321 actions detected
| 0:03 | Create | Villager (Male) |
| 0:03 | Create | Villager (Male) |
| 0:04 | Create | Villager (Male) |
| 0:06 | Build | House |
| 0:07 | Build | House |
| 0:12 | Create | Villager (Male) |
| 1:33 | Create | Villager (Male) |
| 1:33 | Create | Villager (Male) |
| 2:20 | Create | Villager (Male) |
| 2:21 | Create | Villager (Male) |
| 2:21 | Create | Villager (Male) |
| 2:50 | Build | House |
| 2:59 | Build | Lumber Camp |
| 3:02 | Create | Villager (Male) |
| 3:03 | Create | Villager (Male) |
| 3:22 | Create | Villager (Male) |
| 3:22 | Create | Villager (Male) |
| 3:25 | Research | Loom |
| 4:25 | Create | Villager (Male) |
| 4:25 | Create | Villager (Male) |
| 5:32 | Create | Villager (Male) |
| 5:32 | Create | Villager (Male) |
| 5:32 | Create | Villager (Male) |
| 5:47 | Create | Villager (Male) |
| 5:47 | Create | Villager (Male) |
| 6:23 | Build | House |
| 6:29 | Build | House |
| 6:46 | Create | Villager (Male) |
| 6:46 | Create | Villager (Male) |
| 6:57 | Build | Mill |
| 7:41 | Create | Villager (Male) |
| 7:50 | Build | Mill |
| 8:42 | Build | House |
| 8:46 | Build | Barracks |
| 8:52 | Research | Feudal Age |
| 9:03 | Build | Lumber Camp |
| 9:56 | Build | Mining Camp |
| 10:08 | Create | Villager (Male) |
| 10:08 | Create | Villager (Male) |
| 10:20 | Build | House |
| 10:49 | Create | Villager (Male) |
| 11:02 | Age | Feudal Age |
| 11:08 | Build | Stable |
| 11:14 | Create | Villager (Male) |
| 11:15 | Create | Villager (Male) |
| 11:35 | Create | Spearman |
| 11:36 | Create | Spearman |
| 11:42 | Create | Spearman |
| 12:01 | Build | House |
| 12:05 | Create | Villager (Male) |
| 12:16 | Build | Blacksmith |
| 12:42 | Build | Palisade Wall |
| 13:01 | Build | Palisade Wall |
| 13:17 | Build | Palisade Wall |
| 13:32 | Build | Palisade Wall |
| 13:36 | Create | Villager (Male) |
| 13:37 | Create | Villager (Male) |
| 13:58 | Create | Villager (Male) |
| 13:58 | Create | Villager (Male) |
| 14:03 | Build | Farm |
| 14:05 | Build | Farm |
| 14:10 | Build | Farm |
| 14:33 | Build | Farm |
| 14:45 | Create | Villager (Male) |
| 15:33 | Build | Palisade Gate |
| 15:44 | Create | Villager (Male) |
| 15:44 | Create | Villager (Male) |
| 15:49 | Build | Farm |
| 15:50 | Build | Farm |
| 16:30 | Research | Bloodlines |
| 16:31 | Create | Scout Cavalry |
| 16:31 | Create | Scout Cavalry |
| 16:53 | Build | Market |
| 16:56 | Build | Farm |
| 17:08 | Build | Farm |
| 17:11 | Create | Villager (Male) |
| 17:11 | Create | Villager (Male) |
| 17:29 | Build | Mill |
| 17:31 | Build | Farm |
| 17:32 | Build | Farm |
| 17:39 | Build | House |
| 17:47 | Build | Farm |
| 17:59 | Create | Villager (Male) |
| 18:00 | Create | Villager (Male) |
| 18:29 | Build | Farm |
| 18:48 | Build | Farm |
| 18:54 | Research | Castle Age |
| 19:45 | Build | Mining Camp |
| 20:26 | Build | Mill |
| 20:36 | Build | Lumber Camp |
| 20:41 | Create | Villager (Male) |
| 20:41 | Create | Villager (Male) |
| 21:25 | Research | Scale Barding Armor |
| 21:26 | Research | Forging |
| 21:30 | Research | Fletching |
| 21:34 | Age | Castle Age |
| 21:41 | Build | Archery Range |
| 21:49 | Research | Husbandry |
| 21:50 | Create | Knight |
| 21:50 | Create | Knight |
| 21:50 | Create | Knight |
| 21:50 | Create | Knight |
| 22:24 | Build | Town Center |
| 22:47 | Build | Monastery |
| 23:00 | Create | Villager (Male) |
| 23:00 | Create | Villager (Male) |
| 23:02 | Create | Villager (Male) |
| 23:29 | Build | Farm |
| 23:31 | Build | Farm |
| 23:48 | Create | Monk |
| 24:04 | Create | Cavalry Archer |
| 24:04 | Create | Cavalry Archer |
| 24:10 | Create | Villager (Male) |
| 24:10 | Create | Villager (Male) |
| 24:17 | Create | Villager (Male) |
| 24:17 | Create | Villager (Male) |
| 24:18 | Create | Villager (Male) |
| 24:23 | Build | House |
| 24:24 | Build | House |
| 24:26 | Build | House |
| 24:28 | Build | House |
| 24:29 | Build | House |
| 24:31 | Build | House |
| 24:32 | Build | House |
| 24:52 | Create | Villager (Male) |
| 24:56 | Create | Villager (Male) |
| 24:56 | Create | Villager (Male) |
| 25:44 | Create | Villager (Male) |
| 25:44 | Create | Villager (Male) |
| 25:45 | Create | Villager (Male) |
| 25:56 | Build | Mining Camp |
| 26:44 | Create | Villager (Male) |
| 26:45 | Create | Villager (Male) |
| 26:45 | Create | Villager (Male) |
| 26:54 | Create | Villager (Male) |
| 26:54 | Create | Villager (Male) |
| 27:00 | Create | Villager (Male) |
| 27:00 | Create | Villager (Male) |
| 27:00 | Create | Villager (Male) |
| 27:39 | Build | Town Center |
| 28:27 | Create | Villager (Male) |
| 28:27 | Create | Villager (Male) |
| 29:23 | Research | Chain Barding Armor |
| 29:24 | Research | Iron Casting |
| 30:51 | Build | University |
| 30:57 | Create | Villager (Male) |
| 30:57 | Create | Villager (Male) |
| 30:57 | Create | Villager (Male) |
| 31:01 | Create | Villager (Male) |
| 31:01 | Create | Villager (Male) |
Match timeline
| 8:46 | DementeVsMundo · first_building Barracks |
| 9:47 | thekyser · first_building Barracks |
| 10:52 | thekyser · age_up feudal |
| 11:02 | DementeVsMundo · age_up feudal |
| 11:08 | DementeVsMundo · first_building Stable |
| 12:12 | thekyser · first_building Stable |
| 12:42 | DementeVsMundo · wall_segment Palisade Wall x29 |
| 13:01 | DementeVsMundo · wall_segment Palisade Wall x25 |
| 13:17 | DementeVsMundo · wall_segment Palisade Wall x5 |
| 13:32 | DementeVsMundo · wall_segment Palisade Wall x28 |
| 18:07 | DementeVsMundo · first_market_buy 100 food |
| 18:14 | DementeVsMundo · first_market_sell 100 stone |
| 18:30 | thekyser · wall_segment Stone Wall x3 |
| 19:47 | thekyser · age_up castle |
| 20:53 | thekyser · first_market_sell 100 food |
| 20:55 | thekyser · first_market_buy 100 wood |
| 21:34 | DementeVsMundo · age_up castle |
| 21:41 | DementeVsMundo · first_building Archery Range |
| 22:47 | DementeVsMundo · first_building Monastery |
| 26:24 | thekyser · wall_segment Stone Wall x5 |
| 26:37 | thekyser · first_building Monastery |
| 31:45 | DementeVsMundo · first_building Castle |
| 32:59 | DementeVsMundo · first_building Siege Workshop |
| 35:21 | thekyser · first_building Castle |
| 35:22 | DementeVsMundo · age_up imperial |
| 36:04 | thekyser · age_up imperial |
| 51:14 | thekyser · resign |
[ AI ANALYSIS · 1 CREDIT ]
What really happened in this match?
Wolo.gg analyzes every decision: build order, eco, micro, common mistakes by bracket. Personalized analysis on WhatsApp or Discord in 30 seconds.
Civ guide
Franks
Map guide
Kilimanjaro
Perfil
thekyser